 Dungeon Crawl Stone Soup version 0.27.1-34-g3ba077fa99 (console) character file.

Game seed: 1375468420135108339

5043 Banquo the Thaumaturge (level 10, -7/72 HPs)
             Began as a Djinni Chaos Knight on Jan 6, 2022.
             Was a Plaything of Xom.
             Mangled by an orc warrior (15 damage)
             ... on level 8 of the Dungeon.
             The game lasted 00:43:58 (14170 turns).

Banquo the Thaumaturge (Djinni Chaos Knight)       Turns: 14170, Time: 00:43:59

Health: -7/72      AC: 10    Str: 19    XL:     10   Next: 85%
Gold:   453        EV: 14    Int: 21    God:    Xom [...*..] SH:  0 Dex: 13

rFire    + . .     SeeInvis .   a - +2 short sword (elec)
rCold    . . .     Faith    .   (no shield)
rNeg     . . .     Spirit   .   d - +3 leather armour
rPois    ∞         Reflect  .   (helmet restricted)
rElec    +         Harm     .   (no cloak)
rCorr    .         Rampage  .   (no gloves)
Will     +....                  (boots unavailable)
Stlth    ++........             (no amulet)
HPRegen  0.22/turn              j - +6 ring of strength
MPRegen  0.00/turn              D - ring of ice

@: flying
A: sickness immunity, fire resistance 2, cold vulnerability 1, float, innate
caster, hp casting, extra vitality 1, horns 2, iridescent scales 2, camouflage
1, clever 2, electricity resistance, strong 1, evolution 1, sturdy frame 1
a: Renounce Religion


You were on level 8 of the Dungeon.
You worshipped Xom.
You were a favourite toy of Xom.
You visited 2 branches of the dungeon, and saw 9 of its levels.

You collected 453 gold pieces.

Inventory:

Hand Weapons
 a - a +2 short sword of electrocution (weapon)
 b - a +2 short sword of venom
 f - a +2 dagger of speed
 r - a +0 trident
 x - a +0 rapier
 E - a +0 falchion of chaos
 H - a +0 whip of freezing
 T - a +2 dagger of protection
 V - a +3 short sword
Missiles
 p - 4 silver boomerangs (quivered)
 q - 217 stones
 u - 17 poisoned darts
 M - 2 boomerangs of dispersal
Armour
 d - a +3 leather armour (worn)
 B - a +1 helmet
 O - +0 gold dragon scales
Magical Staves
 e - a staff of earth
Jewellery
 j - a +6 ring of strength (left hand)
 l - a ring of positive energy
 D - a ring of ice (right hand)
 J - a +6 ring of dexterity
Wands
 F - a wand of iceblast (9)
Scrolls
 c - a scroll of fog
 k - 2 scrolls of teleportation
 C - a scroll of immolation
 U - a scroll of noise
Potions
 g - 3 potions of might {unknown}
 h - a potion of mutation
 i - a potion of haste {unknown}
 m - 4 potions of curing {unknown}
 n - 2 potions of resistance
 s - a potion of flight {unknown}
 t - a potion of ambrosia {unknown}
 v - 2 potions of magic
 w - 3 potions of invisibility {unknown}
 z - 2 potions of attraction {unknown}
 G - a potion of cancellation {unknown}
 I - a potion of berserk rage {unknown}
 K - 2 potions of lignification
 L - a potion of heal wounds {unknown}


   Skills:
 * Level 5.8 Fighting
 + Level 4.1(4.6) Short Blades
 - Level 3.1(4.1) Long Blades
 - Level 4.0 Armour
 * Level 6.4 Dodging
 + Level 9.0 Spellcasting


You had 18 spell levels left.
You knew the following spells:

 Your Spells              Type           Power      Damage    Failure   Level
a - Foxfire               Conj/Fire      100%       2x1d9     1%          1
b - Swiftness             Air            47%        N/A       1%          3
s - Spider Form           Tmut/Pois      23%        N/A       1%          3
B - Blink                 Tloc           N/A        N/A       1%          2
Your spell library was empty.

Dungeon Overview and Level Annotations

Branches:
Dungeon (8/15)             Temple (1/1) D:5
   Lair: D:8-11

Altars:
Cheibriados
Elyvilon
Fedhas
Gozag
Hepliaklqana
Kikubaaqudgha
Makhleb
Nemelex Xobeh
Okawaru
Qazlal
Sif Muna
Trog
Uskayaw
Vehumet
Wu Jian
Xom
Yredelemnul
Zin
The Shining One


Innate Abilities, Weirdness & Mutations

You are immune to sickness and miasma.
You are immune to poison.
Your flesh is very heat resistant. (rF++)
You are vulnerable to cold. (rC-)
You float through the air rather than walking.
You learn spells naturally, not from books.
Your magical power is your life essence.
You have superior vitality. (+4 HP)
You have a pair of horns on your head.
You are mostly covered in iridescent scales. (AC +4)
Your skin changes colour to match your surroundings (Stealth+).
Your mind is very acute. (Int +4)
You are resistant to electric shocks. (rElec)
Your muscles are strong. (Str +2)
You evolve.
Your movements are slightly less encumbered by armour. (ER -2)


Message History

The foxfire hits the orc warrior but does no damage.
The orc warrior is heavily wounded.
The foxfire hits the orc warrior but does no damage.
The orc warrior is heavily wounded.
The orc closely misses you.
The orc warrior hits you with a +0 war axe!
You barely miss the orc warrior.
The orc warrior is heavily wounded.
The orc hits you but does no damage.
The orc warrior hits you but does no damage.
Casting: Foxfire (safe; 1% risk of failure)
Confirm with . or Enter, or press ? or * to list all spells.
You conjure some foxfire!
The orc hits you with a +0 mace.
The orc warrior hits you with a +0 war axe!!
The orc warrior closely misses your foxfire.
The orc warrior hits your foxfire with a +0 war axe!
The foxfire hits the orc warrior.
The orc warrior is severely wounded.
The foxfire hits the orc warrior but does no damage.
The orc warrior is severely wounded.
The orc closely misses you.
The orc warrior hits you with a +0 war axe!
* * * LOW HITPOINT WARNING * * *
You barely miss the orc warrior. Your headbutt misses the orc warrior.
The orc warrior is severely wounded.
The orc hits you with a +0 mace.
* * * LOW HITPOINT WARNING * * *
Xom is amused.
You hit the orc warrior but do no damage.
You headbutt the orc warrior.
The orc warrior is severely wounded.
The orc warrior completely misses you. The orc hits you but does no damage.
You closely miss the orc warrior. You headbutt the orc warrior.
The orc warrior is severely wounded.
The orc warrior closely misses you.
You closely miss the orc warrior.
The orc warrior is severely wounded.
The orc barely misses you.
The orc warrior hits you with a +0 war axe!
You die...

*,≈,***,,,**,,,,,,,*
,≈≈≈,,,*,*,#.......*
*,≈,***,,,*#......#*
**,***,,,,,#......##
**** ***,**#.......#
******,*,*,#.......#
,**,***,*,*#.......#
,*,*,,,*,*,#...oo.#*
,,*****,*,**,#..@#*
*** *,*,*,*,#####
************,*
,,,,,,,,,,,,,*
*****,,,,,,***
********


You could see an orc warrior and an orc.

Vanquished Creatures
  A cyclops (D:7)
  A centaur zombie (D:8)
  A blink frog (D:4)
  Eustachio (D:4)
  5 yaks (D:6)
  A steam dragon (D:8)
  A water moccasin (D:7)
  A black bear (D:6)
  3 ice beasts
  4 centaurs
  2 ogres
  A kobold brigand (D:7)
  5 scorpions
  A wyvern zombie (D:7)
  5 killer bees (D:7)
  9 wights
  A howler monkey (D:5)
  3 hounds
  A bullfrog zombie (D:7)
  A jelly (D:4)
  A bullfrog skeleton (D:5)
  2 gnoll shamans
  An orc priest (D:6)
  3 centaur skeletons
  6 iguanas
  6 orc wizards
  A scorpion zombie (D:5)
  Natasha (D:2)
  A hound zombie (D:5)
  A hound skeleton (D:4)
  7 gnolls
  5 adders
  A white imp (D:6)
  An adder zombie (D:5)
  3 worms
  2 dart slugs
  23 orcs
  5 bats
  6 endoplasms
  4 giant cockroaches
  8 hobgoblins
  13 kobolds
  7 quokkas
  6 ball pythons
  4 frilled lizards
  5 goblins
  6 rats
177 creatures vanquished.

Vanquished Creatures (collateral kills)
  A wyvern (D:5)
  A yak (D:6)
  An ogre (D:6)
3 creatures vanquished.

Vanquished Creatures (others)
  740 foxfires
740 creatures vanquished.

Grand Total: 920 creatures vanquished

Notes
Turn   | Place    | Note
-------+----------+-------------------------------------------
     0 | D:1      | Banquo the Djinni Chaos Knight began the quest for the Orb.
     0 | D:1      | Reached XP level 1. HP: 20/20 MP: 0/0
    96 | D:1      | XOM: potion effect (might)
   129 | D:1      | Reached XP level 2. HP: 25/25 MP: 0/0
   139 | D:1      | Found a faded altar of an unknown god.
   524 | D:1      | Reached XP level 3. HP: 30/30 MP: 0/0
   524 | D:1      | Learned a level 1 spell: Foxfire
   623 | D:1      | XOM: divination: magic mapping
   715 | D:1      | Reached skill level 1 in Short Blades
  1038 | D:2      | XOM: divination: detect items
  1373 | D:2      | XOM: divination: detect creatures
  1587 | D:2      | XOM: swap monsters
  1640 | D:2      | Reached XP level 4. HP: 25/35 MP: 0/0
  1654 | D:2      | XOM: 4-stop teleportation journey
  1668 | D:2      | XOM: divination: magic mapping
  1802 | D:2      | Reached skill level 1 in Spellcasting
  1897 | D:2      | Noticed Natasha
  1900 | D:2      | Noticed Natasha
  1900 | D:2      | Natasha changed into Natasha the gnoll
  1900 | D:2      | XOM: polymorph Natasha -> Natasha the gnoll
  1914 | D:2      | Killed Natasha the gnoll
  2235 | D:2      | Noticed Natasha
  2246 | D:2      | Noticed Natasha
  2246 | D:2      | Natasha changed into Natasha the scorpion
  2246 | D:2      | XOM: polymorph Natasha -> Natasha the scorpion
  2256 | D:2      | Killed Natasha the scorpion
  2257 | D:2      | Reached skill level 2 in Spellcasting
  2257 | D:2      | Reached XP level 5. HP: 21/40 MP: 0/0
  2257 | D:2      | Learned a level 2 spell: Blink
  2263 | D:2      | Noticed Natasha
  2638 | D:3      | Found a glowing golden altar of the Shining One.
  2638 | D:3      | Found a hide-covered altar of Uskayaw.
  2638 | D:3      | Found an opulent altar of Gozag.
  2862 | D:2      | Killed Natasha
  2894 | D:2      | XOM: summons 3 hostile demons
  3519 | D:3      | XOM: silly message
  3678 | D:3      | Reached XP level 6. HP: 45/46 MP: 0/0
  4082 | D:4      | Found a blossoming altar of Fedhas.
  4084 | D:4      | XOM: summons 2 friendly demons
  4222 | D:4      | XOM: enchant monster (bad)
  4223 | D:4      | Reached skill level 3 in Spellcasting
  4626 | D:4      | XOM: 2-stop teleportation journey
  4630 | D:4      | XOM: summons 4 hostile demons
  4645 | D:4      | XOM: summons 2 friendly demons
  4686 | D:4      | XOM: divination: detect creatures
  4689 | D:4      | XOM: give mutations
  4689 | D:4      | Gained mutation: You have a pair of small horns on your
                  | head. [Xom's grace]
  4689 | D:4      | Gained mutation: You are partially covered in iridescent
                  | scales. (AC +2) [Xom's grace]
  4689 | D:4      | Gained mutation: You are resistant to electric shocks.
                  | (rElec) [Xom's grace]
  4689 | D:4      | Gained mutation: Your skin changes colour to match your
                  | surroundings (Stealth+). [Xom's grace]
  4693 | D:4      | Reached XP level 7. HP: 28/50 MP: 0/0
  4693 | D:4      | Learned a level 3 spell: Spider Form
  4894 | D:4      | XOM: cloud trail
  4906 | D:4      | XOM: god gift: scroll labelled YSO VORGHYTWAKK {god gift}
  4939 | D:4      | XOM: divination: detect items
  5111 | D:4      | Reached skill level 4 in Spellcasting
  5161 | D:4      | XOM: give mutations
  5161 | D:4      | Gained mutation: Your mind is acute. (Int +2) [Xom's grace]
  5161 | D:4      | Gained mutation: Your movements are slightly less
                  | encumbered by armour. (ER -2) [Xom's grace]
  5495 | D:5      | Entered Level 5 of the Dungeon
  5495 | D:5      | Noticed Pikel
  5544 | D:5      | Noticed Eustachio
  5544 | D:5      | Found a staircase to the Ecumenical Temple.
  5550 | D:4      | XOM: give mutations
  5550 | D:4      | Gained mutation: You have a pair of horns on your head.
                  | [Xom's grace]
  5550 | D:4      | Gained mutation: You have a pair of large horns on your
                  | head. [Xom's grace]
  5613 | D:4      | XOM: scenery: create altars
  5672 | D:5      | XOM: give mutations
  5672 | D:5      | Gained mutation: You evolve. [Xom's grace]
  5672 | D:5      | Gained mutation: Your mind is very acute. (Int +4) [Xom's
                  | grace]
  5672 | D:5      | Gained mutation: You are mostly covered in iridescent
                  | scales. (AC +4) [Xom's grace]
  5672 | D:5      | Gained mutation: You are agile. (Dex +2) [Xom's grace]
  5693 | D:5      | XOM: 2-stop teleportation journey
  5720 | D:5      | XOM: smoke on damage
  5776 | D:4      | XOM: god gift: wand of iceblast (11)
  5940 | D:5      | XOM: cast spell 'Olgreb's Toxic Radiance'
  5967 | D:4      | Noticed Pikel
  5967 | D:4      | Pikel changed into Pikel the blink frog
  5967 | D:4      | XOM: polymorph Pikel -> Pikel the blink frog
  6073 | D:3      | XOM is BORED!
  6073 | D:3      | XOM: give mutations
  6073 | D:3      | Lost mutation: You have a pair of large horns on your head.
                  | [Xom's mischief]
  6073 | D:3      | Lost mutation: You are agile. (Dex +2) [Xom's mischief]
  6136 | D:4      | XOM: butterfly on damage
  6139 | D:4      | Killed Pikel the blink frog
  6140 | D:4      | Reached XP level 8. HP: 28/56 MP: 0/0
  6348 | D:4      | Found a shimmering altar of Xom.
  6349 | D:4      | Found a shimmering altar of Xom.
  6426 | D:4      | Killed Eustachio
  6427 | D:4      | Reached skill level 5 in Spellcasting
  6507 | Temple   | Entered the Ecumenical Temple
  6785 | D:5      | Reached skill level 6 in Spellcasting
  6894 | D:5      | Noticed a wyvern
  6894 | D:5      | XOM: polymorph something unseen -> wyvern
  6911 | D:5      | XOM: summons friendly ufetubus
  6919 | D:5      | Killed a wyvern
  7068 | D:4      | XOM: cloud trail
  7265 | D:5      | Reached XP level 9. HP: 58/61 MP: 0/0
  7265 | D:5      | Learned a level 3 spell: Swiftness
  7523 | D:5      | XOM: confuse monster(s)
  7975 | D:6      | Reached skill level 7 in Spellcasting
  8321 | D:6      | XOM: scenery: 1 doors open, 2 doors close
  8350 | D:6      | XOM: potion effect (heal wounds)
  8351 | D:6      | XOM: cast spell 'Summon Mana Viper'
  8417 | D:6      | XOM: divination: detect creatures
  8434 | D:6      | XOM: scenery: 1 doors open, 1 doors close
  8788 | D:6      | Gained mutation: Your muscles are strong. (Str +2)
                  | [evolution]
  9678 | D:6      | XOM: potion effect (invisibility)
  9699 | D:6      | XOM: divination: detect creatures
  9715 | D:6      | XOM: enchant monster (bad)
  9971 | D:6      | XOM: divination: detect creatures
 10119 | D:6      | XOM: enchant monster (good)
 10151 | D:6      | XOM: summons friendly ufetubus
 10157 | D:6      | XOM: confuse monster(s)
 10158 | D:6      | Reached XP level 10. HP: 44/69 MP: 0/0
 10175 | D:6      | XOM: divination: magic mapping
 10177 | D:6      | XOM: cast spell 'Olgreb's Toxic Radiance'
 10191 | D:6      | Reached skill level 8 in Spellcasting
 11156 | D:7      | Reached skill level 5 in Fighting
 11322 | D:7      | XOM: cloud trail
 11428 | D:7      | XOM is BORED!
 11428 | D:7      | XOM: 1-stop teleportation journey
 11441 | D:7      | Reached skill level 5 in Dodging
 11520 | D:7      | XOM: noise
 11689 | D:7      | XOM: noise
 12002 | D:7      | Noticed a cyclops
 12019 | D:7      | XOM: potion effect (berserk rage)
 12027 | D:7      | Killed a cyclops
 12082 | D:6      | XOM: cloud trail
 12501 | D:5      | XOM: summons 6 hostile demons
 12896 | D:6      | XOM: stat loss: -1 Int (20/21)
 13370 | D:7      | XOM: god gift: scroll labelled COL YFOYRO {god gift}
 13475 | D:7      | XOM: 1-stop teleportation journey
 13488 | D:7      | XOM: scenery: summon butterflies
 13634 | D:7      | XOM: god gift: 23 stones
 13872 | D:8      | Reached skill level 9 in Spellcasting
 14170 | D:8      | Mangled by an orc warrior

Illustrated notes

Levels and vault maps discovered:
D:1:      giann_horns, layout_rooms, ebering_ecumenical_altar_abandoned
D:2:      layout_basic, uniq_natasha
D:3:      layout_basic, gammafunk_temple_overflow_claw, st_stairs_1
D:4:      layout_basic, jmf_multi_god_temple, hangedman_decor_riveting
D:5:      layout_basic, minmay_temple_entry_stoned_glass,
          minmay_increasing_density, uniq_eustachio, uniq_pikel
D:6:      layout_gridville, kiku_gazebo_garden_becter
D:7:      layout_loops_ring
D:8:      nzn_winding_woodlands_medium [nzn_winding_woodlands_5x5_checkerboard,
          nzn_winding_woodlands_5x15_cabin, nzn_winding_woodlands_5x5_cross,
          nzn_winding_woodlands_hourglass,
          nzn_winding_woodlands_center_triple_pond,
          nzn_winding_woodlands_5x5_default,
          nzn_winding_woodlands_5x5_perimeter,
          nzn_winding_woodlands_5x15_pockets,
          nzn_winding_woodlands_5x5_open_star], layout_rooms,
          evilmike_ruin_ashenzari, kennysheep_mini,
          nicolae_dithmenos_the_darkroom, chequers_serial_rivers_small_a
Temple:   cyrus_circular_temple

Skill      XL: |  1  2  3  4  5  6  7  8  9 10 |
---------------+-------------------------------+-----
Long Blades    | 3 |  3.1
Short Blades   | 1 2 3 4 |  4.1
Armour         | 2 3 4 |  4.0
Spellcasting   | 2 3 4 6 7 9 |  9.0
Dodging        | 4 6 |  6.4
Fighting       | 4 5 |  5.8

Action                   |  1- 3 |  4- 6 |  7- 9 | 10-12 || total
-------------------------+-------+-------+-------+-------++-------
Melee: Falchion          |    15 |       |       |       ||    15
       Short sword       |    40 |    52 |    39 |    31 ||   162
       Headbutt          |       |       |     2 |     5 ||     7
 Cast: Foxfire           |    38 |    84 |   192 |   119 ||   433
       Swiftness         |       |       |       |     1 ||     1
Evoke: Wand              |       |       |     2 |       ||     2
  Use: Scroll            |       |       |       |    15 ||    15
Armor: Leather armour    |    16 |    39 |    71 |    53 ||   179
Dodge: Dodged            |    34 |    76 |   123 |   107 ||   340
       Rpst.: Falchion   |     1 |       |       |       ||     1
